 Dungeon Crawl Stone Soup version 0.28-a0-969-g2dcde036d2 (webtiles) character file.

Game seed: 9695489483948369441

1386 Lenrok the Skirmisher (level 8, -1/81 HPs)
             Began as an Ogre Warper on Dec 1, 2021.
             Slain by Edmund (22 damage)
             ... on level 6 of the Dungeon.
             The game lasted 00:24:47 (6763 turns).

Lenrok the Skirmisher (Ogre Warper)                 Turns: 6763, Time: 00:24:48

Health: -1/81      AC: 10    Str: 16    XL:     8   Next: 67%
Magic:  15/15      EV: 14    Int: 16    God:
Gold:   172        SH:  0    Dex:  8    Spells: 14/16 levels left

rFire   . . .      SeeInvis .   y - +1 mace (protect)
rCold   . . .      Faith    .   (no shield)
rNeg    . . .      Spirit   .   x - +0 animal skin
rPois   .          Reflect  .   (helmet restricted)
rElec   .          Harm     .   (no cloak)
rCorr   .          Rampage  .   (gloves unavailable)
Will    .....                   (boots unavailable)
Stlth   +.........              (no amulet)
HPRegen 0.00/turn               f - +4 ring of evasion
MPRegen 0.14/turn               (no ring)

@: under a protective aura, inhibited regen
A: large, unfitting armour, tough skin 1, horns 1, inhibited regeneration
a: no special abilities


You were on level 6 of the Dungeon.
You visited 1 branch of the dungeon, and saw 6 of its levels.

You collected 172 gold pieces.

Inventory:

Hand Weapons
 a - a +0 mace
 l - a +0 antimagic dagger
 o - a +1 antimagic mace
 u - a +2 mace of venom
 y - a +1 mace of protection (weapon)
 A - a +0 mace of holy wrath
 B - a +0 flail
Missiles
 d - 5 boomerangs of dispersal
 h - 115 stones
 m - 4 boomerangs (quivered)
Armour
 b - a +0 robe
 x - a +0 animal skin (worn)
 E - a +0 buckler
Magical Staves
 D - a staff of air
Jewellery
 f - a +4 ring of evasion (left hand)
Wands
 s - a wand of polymorph (11)
 F - a wand of paralysis (3)
Scrolls
 c - a scroll of acquirement {unknown}
 g - 3 scrolls of teleportation
 i - a scroll of immolation {unknown}
 j - a scroll of amnesia {unknown}
 n - 3 scrolls of enchant weapon
 r - a scroll of enchant armour {unknown}
 v - a scroll of fear {unknown}
 C - a scroll of brand weapon {unknown}
 I - a scroll of magic mapping {unknown}
Potions
 e - a potion of mutation
 k - a potion of attraction {unknown}
 p - a potion of lignification {unknown}
 t - a potion of heal wounds {unknown}
 w - a potion of haste {unknown}
 z - a potion of brilliance {unknown}
 G - a potion of degeneration {unknown}
 H - a potion of cancellation {unknown}


   Skills:
 + Level 5.6 Fighting
 * Level 5.3 Maces & Flails
 + Level 4.0 Throwing
 + Level 4.0 Dodging
 + Level 4.9 Spellcasting
 + Level 4.4 Translocations


You had 14 spell levels left.
You knew the following spells:

 Your Spells              Type           Power      Damage    Failure   Level
a - Blink                 Tloc           36%        N/A       3%          2

Your spell library contained the following spells:

 Spells                   Type           Power      Damage    Failure   Level
 Gell's Gravitas          Tloc           18%        N/A       8%          3
 Lesser Beckoning         Tloc           18%        N/A       8%          3
 Teleport Other           Tloc           18%        N/A       8%          3
 Shock                    Conj/Air       12%        1d3       16%         1
 Corpse Rot               Necr/Air       6%         N/A       24%         2
 Poisonous Vapours        Pois/Air       6%         N/A       24%         2
 Swiftness                Air            3%         N/A       43%         3
 Manifold Assault         Tloc           18%        N/A       56%         5
 Airstrike                Air            1%         N/A       83%         4


Dungeon Overview and Level Annotations

Branches:
Dungeon (6/15)
 Temple: D:4-7

Altars:
Ru
Trog
Wu Jian

Annotations:
D:2 1 runed translucent door, Crazy Yiuf
D:5 Pikel
D:6 Edmund


Innate Abilities, Weirdness & Mutations

You are too large for most types of armour.
You have tough skin. (AC +1)
You have a pair of small horns on your head.
You do not regenerate when monsters are visible.


Message History

You are more poisoned.
You barely miss Edmund.
Edmund is heavily wounded.
You feel very sick. Edmund closely misses you.
Edmund hits you with a +2 dire flail of venom!
You are more poisoned.
You feel extremely sick. Edmund closely misses you.
You feel very sick.
You feel better.
Edmund hits you with a +2 dire flail of venom!
You thump Edmund!
Your weapon exudes an aura of protection.
You headbutt Edmund!
Edmund is severely wounded.
Edmund hits you with a +2 dire flail of venom.
You are poisoned.
Edmund hits you with a +2 dire flail of venom.
* * * LOW HITPOINT WARNING * * *
You are more poisoned.
You feel better.
Edmund hits you with a +2 dire flail of venom.
You are poisoned.
Edmund completely misses you.
You feel better. Edmund closely misses you.
You hit Edmund. Your headbutt misses Edmund.
Edmund is severely wounded.
Edmund closely misses you. Edmund barely misses you.
You hit Edmund. Your headbutt misses Edmund.
Edmund is almost dead.
Edmund hits you but does no damage.
You are poisoned.
You feel sick.
Edmund hits you with a +2 dire flail of venom!!
* * * LOW HITPOINT WARNING * * *
You feel sick.
You feel better.
Edmund hits you with a +2 dire flail of venom!!
You die...

..........##..# .#
.#...###..##..# .#
.........^##..###.# .#
.#...##...........# .#
.##.###..###..#######.######
.##.###..###..##............
...............#.####.......
.............#.#@# .######
#######..#####.#@####.# #..#
#........# ....# ###.######
## #.# #.# #.# #.# ... ...


You could see Edmund (berserk).

Vanquished Creatures
  Grinder (D:5)
  2 ice beasts
  A sky beast (D:5)
  A necrophage (D:3)
  A centaur (D:6)
  A bullfrog (D:6)
  2 scorpions
  A water moccasin zombie (D:5)
  A bullfrog zombie (D:5)
  A jelly (D:4)
  4 hounds
  2 iguanas (D:5)
  An orc wizard (D:4)
  A scorpion zombie (D:5)
  2 hound skeletons (D:4)
  Robin (D:2)
  7 adders
  An ufetubus (D:4)
  3 dart slugs
  14 orcs
  9 ball pythons
  8 endoplasms
  3 giant cockroaches
  13 goblins
  6 hobgoblins
  11 jackals
  5 quokkas
  7 bats
  4 frilled lizards
  7 kobolds
  10 rats
131 creatures vanquished.

Vanquished Creatures (others)
  25 plants (D:2)
25 creatures vanquished.

Grand Total: 156 creatures vanquished

Notes
Turn   | Place    | Note
-------+----------+-------------------------------------------
     0 | D:1      | Lenrok the Ogre Warper began the quest for the Orb.
     0 | D:1      | Reached XP level 1. HP: 22/22 MP: 3/3
   268 | D:1      | Reached XP level 2. HP: 27/29 MP: 5/5
   627 | D:1      | Reached XP level 3. HP: 11/36 MP: 7/7
  1359 | D:2      | Learned a level 2 spell: Blink
  1384 | D:2      | Found a sacrificial altar of Ru.
  1442 | D:2      | Found a faded altar of an unknown god.
  1472 | D:2      | Reached XP level 4. HP: 43/45 MP: 2/8
  1583 | D:2      | Found a runed translucent door.
  1584 | D:2      | Noticed Crazy Yiuf
  1843 | D:2      | Noticed Robin
  2146 | D:2      | Killed Robin
  2459 | D:3      | Found an ornate altar of the Wu Jian Council.
  2731 | D:3      | Reached XP level 5. HP: 44/53 MP: 9/9
  3048 | D:4      | Noticed a necrophage
  3062 | D:3      | Killed a necrophage
  3466 | D:3      | Reached XP level 6. HP: 55/62 MP: 10/10
  4407 | D:4      | Reached XP level 7. HP: 70/70 MP: 12/12
  4828 | D:5      | Entered Level 5 of the Dungeon
  5281 | D:5      | Noticed Grinder
  5288 | D:5      | Paralysed by Grinder for 2 turns
  5306 | D:5      | Killed Grinder
  5603 | D:5      | Found a bloodstained altar of Trog.
  5644 | D:5      | Reached XP level 8. HP: 72/79 MP: 14/14
  5688 | D:5      | Reached skill level 5 in Fighting
  5778 | D:5      | Noticed Pikel
  5972 | D:5      | Gained mutation: You do not regenerate when monsters are
                  | visible. [potion of mutation]
  5972 | D:5      | Gained mutation: Your body sometimes deteriorates upon
                  | taking damage. [potion of mutation]
  5972 | D:5      | Gained mutation: You sometimes lose the ability to read
                  | scrolls when taking damage. [potion of mutation]
  5972 | D:5      | Gained mutation: You are partially covered in iridescent
                  | scales. (AC +2) [potion of mutation]
  5978 | D:5      | Lost mutation: You are partially covered in iridescent
                  | scales. (AC +2) [potion of mutation]
  5978 | D:5      | Lost mutation: Your body sometimes deteriorates upon taking
                  | damage. [potion of mutation]
  5978 | D:5      | Lost mutation: You sometimes lose the ability to read
                  | scrolls when taking damage. [potion of mutation]
  5978 | D:5      | Gained mutation: You have a pair of small horns on your
                  | head. [potion of mutation]
  6216 | D:5      | Reached skill level 5 in Maces & Flails
  6739 | D:6      | Noticed Edmund
  6763 | D:6      | Slain by Edmund

Illustrated notes

Levels and vault maps discovered:
D:1:      matt_arrival_los_fun, layout_loops_ring, minmay_pentomino_s2
D:2:      layout_basic, ebering_ecumenical_altar_sacrificial, basic_altar,
          serial_bayou, serial_bayou_crossing, serial_bayou_lake_a,
          serial_bayou_lagoon_a, serial_bayou_pond_c, uniq_crazy_yiuf_cottage,
          uniq_robin
D:3:      layout_basic, mainiacjoe_overflow_catwalk
D:4:      layout_cave_pools
D:5:      layout_gridville, trog_butcher_becter,
          minmay_temple_entry_proselytizer, uniq_pikel, uniq_grinder
D:6:      layout_loops_ring, general_overflow_altar, uniq_edmund

Skill      XL: |  1  2  3  4  5  6  7  8 |
---------------+-------------------------+-----
Maces & Flails | 2 3 4 5 |  5.3
Fighting       | 3 4 5 |  5.6
Translocations | 3 4 |  4.4
Spellcasting   | 3 4 |  4.9
Throwing       | 2 3 4 |  4.0
Dodging        | 3 4 |  4.0

Action                   |  1- 3 |  4- 6 |  7- 9 || total
-------------------------+-------+-------+-------++-------
Melee: Mace              |   121 |   232 |   142 ||   495
       Headbutt          |       |       |     5 ||     5
Throw: Boomerang         |     2 |     9 |    45 ||    56
 Cast: Blink             |       |       |     1 ||     1
  Use: Scroll            |       |     5 |       ||     5
       Potion            |       |       |    10 ||    10
 Stab: Sleeping          |       |     1 |       ||     1
Armor: Robe              |    41 |    14 |       ||    55
       Animal skin       |       |    77 |    46 ||   123
Dodge: Dodged            |    89 |   253 |   113 ||   455

Table legend: (Time is in decaauts)
 A = Elapsed time spent in this place.
 B = Non-inter-level travel time spent in this place.
 C = Inter-level travel time spent in this place.
 D = Time resting spent in this place.
 E = Time spent auto-exploring this place.
 F = Levels seen in this place.
 G = Mean time per level.
                   A        B        C        D        E       F      G
               +--------+--------+--------+--------+--------+-----+--------+
         Total |   6944 |   6733 |    211 |   1050 |   4111 |   6 | 1157.3 |
       Dungeon |   6944 |   6733 |    211 |   1050 |   4111 |   6 | 1157.3 |
               +--------+--------+--------+--------+--------+-----+--------+

Top non-repeatable levels by time:
     D:1: 1547 daAuts
     D:5: 1341 daAuts
     D:2: 1198 daAuts
     D:3: 1160 daAuts
     D:4: 1073 daAuts
     D:6: 622 daAuts
